[ AOE2 MATCH · #504834262 ]
UnrankedGeorgians vs Goths
Player's team · LOSS
Rival team · WIN
[ REPLAY ANALYSIS · EXTRACTED FROM THE RECORDED GAME ]
Feudal
9:06
Castle
26:29
Imperial
—
| APM avg | 53.8 |
| APM peak | 117 |
| eAPM avg | 19.0 |
| Villagers / military | 56 / 45 |
Focus
⚔️ 33.6% · 🌾 66.4%
Skirmisher ×24 · Scout Cavalry ×14 · Cavalry Archer ×5 · Knight ×2
Feudal
10:59
Castle
22:10
Imperial
—
| APM avg | 50.1 |
| APM peak | 114 |
| eAPM avg | 25.3 |
| Villagers / military | 70 / 64 |
Focus
⚔️ 25.4% · 🌾 74.6%
Archer ×49 · Militia ×7 · Spearman ×5 · Mangonel ×3
Match map
Initial resources + every placement click. Lines = walls · curves = elevation contours. ◆ gold · ⬟ stone · ● berries · ✦ relic · ◌ wall gap
Your base· Open — opponent sealed themselves in
SneakySalmon's base· ✓ Closed at 22:10 · 17t walls · no gate
Smoothed initial terrain · ◌ = detected wall gap · hover for details
Inputs per minute
— ITzMfMiyagi - - SneakySalmon
Build order — ITzMfMiyagi
First 150 of 177 actions detected
| 0:00 | Queue | Villager (Male) |
| 0:01 | Build | House |
| 0:02 | Build | House |
| 0:27 | Queue | Villager (Male) |
| 0:28 | Queue | Villager (Male) |
| 0:31 | Queue | Villager (Male) |
| 1:25 | Queue | Villager (Male) |
| 1:58 | Queue | Villager (Male) |
| 2:23 | Build | Mill |
| 2:25 | Queue | Villager (Male) |
| 2:50 | Queue | Villager (Male) |
| 3:06 | Queue | Villager (Male) |
| 3:21 | Queue | Villager (Male) |
| 3:37 | Build | House |
| 3:43 | Queue | Villager (Male) |
| 4:07 | Queue | Villager (Male) |
| 4:39 | Queue | Villager (Male) |
| 5:36 | Queue | Villager (Male) |
| 5:38 | Queue | Villager (Male) |
| 6:28 | Queue | Villager (Male) |
| 6:31 | Research | Loom |
| 6:47 | Research | Feudal Age |
| 7:51 | Build | Barracks |
| 8:44 | Build | House |
| 8:58 | Queue | Villager (Male) |
| 8:59 | Queue | Villager (Male) |
| 9:06 | Age | Feudal Age |
| 9:11 | Build | Stable |
| 9:15 | Research | Double-Bit Axe |
| 9:36 | Build | Mill |
| 9:54 | Queue | Scout Cavalry |
| 9:54 | Queue | Scout Cavalry |
| 9:58 | Build | Palisade Wall |
| 10:02 | Build | Palisade Wall |
| 10:04 | Build | Palisade Wall |
| 10:11 | Queue | Villager (Male) |
| 10:14 | Queue | Villager (Male) |
| 10:32 | Build | Palisade Gate |
| 10:33 | Build | House |
| 10:36 | Queue | Scout Cavalry |
| 10:37 | Queue | Villager (Male) |
| 11:01 | Build | House |
| 11:28 | Queue | Scout Cavalry |
| 11:28 | Queue | Villager (Male) |
| 11:41 | Queue | Villager (Male) |
| 11:44 | Build | House |
| 12:15 | Queue | Villager (Male) |
| 12:18 | Build | Farm |
| 12:18 | Build | Farm |
| 12:18 | Build | Farm |
| 12:18 | Build | Farm |
| 12:18 | Build | Farm |
| 12:18 | Build | Farm |
| 12:31 | Build | Palisade Wall |
| 12:32 | Build | Palisade Wall |
| 12:57 | Queue | Scout Cavalry |
| 13:01 | Queue | Villager (Male) |
| 13:02 | Build | Farm |
| 13:05 | Build | Farm |
| 13:28 | Queue | Villager (Male) |
| 13:30 | Build | Farm |
| 13:37 | Build | House |
| 13:50 | Queue | Villager (Male) |
| 13:51 | Build | Farm |
| 14:01 | Build | Farm |
| 14:11 | Build | Palisade Wall |
| 14:31 | Queue | Villager (Male) |
| 14:32 | Queue | Scout Cavalry |
| 14:46 | Queue | Scout Cavalry |
| 14:55 | Build | Archery Range |
| 15:05 | Queue | Villager (Male) |
| 15:19 | Queue | Skirmisher |
| 15:20 | Queue | Villager (Male) |
| 15:27 | Queue | Villager (Male) |
| 15:27 | Queue | Villager (Male) |
| 15:41 | Queue | Skirmisher |
| 15:50 | Queue | Scout Cavalry |
| 16:23 | Queue | Villager (Male) |
| 16:34 | Queue | Villager (Male) |
| 16:37 | Queue | Scout Cavalry |
| 16:45 | Queue | Skirmisher |
| 16:47 | Queue | Villager (Male) |
| 16:49 | Build | Blacksmith |
| 16:51 | Build | House |
| 16:58 | Queue | Skirmisher |
| 16:59 | Queue | Villager (Male) |
| 17:04 | Build | House |
| 17:17 | Queue | Skirmisher |
| 17:53 | Queue | Scout Cavalry |
| 17:53 | Queue | Villager (Male) |
| 17:59 | Queue | Skirmisher |
| 18:02 | Build | Mule Cart |
| 18:26 | Queue | Skirmisher |
| 18:27 | Queue | Villager (Male) |
| 18:37 | Queue | Skirmisher |
| 18:39 | Queue | Villager (Male) |
| 18:43 | Build | Farm |
| 18:44 | Build | Farm |
| 18:44 | Build | Farm |
| 18:53 | Research | Fletching |
| 18:54 | Queue | Villager (Male) |
| 18:57 | Build | House |
| 18:59 | Build | Palisade Wall |
| 19:37 | Queue | Villager (Male) |
| 19:39 | Queue | Skirmisher |
| 19:46 | Build | Farm |
| 19:48 | Build | Farm |
| 19:59 | Queue | Skirmisher |
| 20:11 | Queue | Skirmisher |
| 20:20 | Queue | Skirmisher |
| 20:21 | Queue | Villager (Male) |
| 20:24 | Research | Padded Archer Armor |
| 20:36 | Research | Scale Barding Armor |
| 20:41 | Queue | Scout Cavalry |
| 20:58 | Queue | Skirmisher |
| 21:01 | Build | House |
| 21:03 | Build | House |
| 21:13 | Queue | Villager (Male) |
| 21:18 | Build | House |
| 21:20 | Build | House |
| 21:21 | Build | Palisade Wall |
| 21:24 | Queue | Scout Cavalry |
| 21:43 | Research | Bloodlines |
| 22:06 | Queue | Villager (Male) |
| 22:08 | Build | Farm |
| 22:09 | Build | Farm |
| 22:15 | Queue | Villager (Male) |
| 22:42 | Build | Market |
| 22:53 | Queue | Skirmisher |
| 22:55 | Queue | Villager (Male) |
| 22:56 | Queue | Skirmisher |
| 23:11 | Research | Bloodlines |
| 23:12 | Queue | Villager (Male) |
| 23:21 | Queue | Villager (Male) |
| 23:46 | Research | Castle Age |
| 23:50 | Queue | Skirmisher |
| 23:50 | Queue | Skirmisher |
| 23:55 | Queue | Scout Cavalry |
| 24:03 | Research | Bloodlines |
| 24:07 | Queue | Skirmisher |
| 24:10 | Build | Archery Range |
| 24:21 | Build | House |
| 24:21 | Build | House |
| 24:29 | Build | Farm |
| 24:35 | Research | Horse Collar |
| 25:06 | Build | Farm |
| 25:11 | Queue | Skirmisher |
| 25:11 | Queue | Skirmisher |
| 25:15 | Queue | Scout Cavalry |
| 25:28 | Build | Farm |
Build order — SneakySalmon
First 150 of 235 actions detected
| 0:00 | Queue | Villager (Male) |
| 0:00 | Queue | Villager (Male) |
| 0:01 | Queue | Villager (Male) |
| 0:01 | Queue | Villager (Male) |
| 0:02 | Build | House |
| 0:04 | Build | House |
| 1:04 | Research | Loom |
| 1:16 | Queue | Villager (Male) |
| 1:16 | Queue | Villager (Male) |
| 1:44 | Build | Lumber Camp |
| 1:59 | Queue | Villager (Male) |
| 2:22 | Queue | Villager (Male) |
| 2:45 | Queue | Villager (Male) |
| 2:45 | Queue | Villager (Male) |
| 3:15 | Queue | Villager (Male) |
| 3:15 | Queue | Villager (Male) |
| 3:15 | Queue | Villager (Male) |
| 3:35 | Queue | Villager (Male) |
| 3:36 | Queue | Villager (Male) |
| 3:36 | Queue | Villager (Male) |
| 3:52 | Build | House |
| 3:54 | Build | House |
| 4:03 | Queue | Villager (Male) |
| 4:32 | Queue | Villager (Male) |
| 4:56 | Queue | Villager (Male) |
| 5:00 | Build | Barracks |
| 5:02 | Build | Palisade Wall |
| 5:09 | Queue | Villager (Male) |
| 5:28 | Queue | Villager (Male) |
| 6:04 | Queue | Militia |
| 6:05 | Queue | Militia |
| 6:08 | Queue | Villager (Male) |
| 6:38 | Queue | Villager (Male) |
| 6:42 | Build | Mill |
| 6:58 | Build | House |
| 7:03 | Queue | Villager (Male) |
| 7:15 | Queue | Villager (Male) |
| 7:51 | Queue | Villager (Male) |
| 8:18 | Build | Mining Camp |
| 8:24 | Queue | Villager (Male) |
| 8:44 | Research | Feudal Age |
| 8:59 | Queue | Militia |
| 8:59 | Queue | Militia |
| 9:12 | Queue | Militia |
| 9:18 | Build | House |
| 9:28 | Build | House |
| 9:29 | Build | Palisade Wall |
| 9:40 | Queue | Militia |
| 9:52 | Queue | Militia |
| 9:58 | Build | House |
| 10:17 | Queue | Villager (Male) |
| 10:31 | Build | House |
| 10:59 | Age | Feudal Age |
| 11:01 | Research | Man-at-Arms (upgrade) |
| 11:18 | Queue | Villager (Male) |
| 11:21 | Research | Double-Bit Axe |
| 11:26 | Build | Archery Range |
| 11:48 | Queue | Villager (Male) |
| 12:04 | Queue | Villager (Male) |
| 12:05 | Queue | Spearman |
| 12:11 | Build | Farm |
| 12:13 | Build | Farm |
| 12:15 | Build | Farm |
| 12:17 | Build | Farm |
| 12:19 | Build | Farm |
| 12:21 | Queue | Archer |
| 12:21 | Queue | Archer |
| 12:24 | Build | House |
| 12:30 | Build | House |
| 12:35 | Build | Farm |
| 12:40 | Queue | Villager (Male) |
| 12:53 | Queue | Spearman |
| 12:56 | Build | Farm |
| 13:04 | Build | House |
| 13:09 | Build | Palisade Wall |
| 13:10 | Build | Palisade Wall |
| 13:12 | Build | Palisade Wall |
| 13:27 | Queue | Spearman |
| 13:27 | Queue | Villager (Male) |
| 13:28 | Queue | Archer |
| 13:32 | Build | House |
| 13:41 | Build | Farm |
| 13:48 | Build | House |
| 13:49 | Queue | Archer |
| 13:51 | Queue | Villager (Male) |
| 14:03 | Build | Palisade Wall |
| 14:04 | Build | Palisade Wall |
| 14:06 | Queue | Villager (Male) |
| 14:16 | Queue | Spearman |
| 14:25 | Queue | Archer |
| 14:25 | Queue | Archer |
| 14:39 | Build | House |
| 14:46 | Queue | Villager (Male) |
| 14:46 | Queue | Villager (Male) |
| 15:06 | Build | Blacksmith |
| 15:12 | Build | House |
| 15:12 | Queue | Villager (Male) |
| 15:13 | Queue | Archer |
| 15:29 | Queue | Villager (Male) |
| 15:33 | Build | House |
| 15:37 | Build | Farm |
| 15:40 | Build | Farm |
| 15:53 | Research | Fletching |
| 16:00 | Queue | Archer |
| 16:03 | Build | House |
| 16:11 | Build | Farm |
| 16:26 | Queue | Archer |
| 16:27 | Queue | Villager (Male) |
| 16:42 | Queue | Villager (Male) |
| 16:42 | Queue | Spearman |
| 16:44 | Build | House |
| 16:56 | Build | House |
| 17:00 | Build | Palisade Wall |
| 17:02 | Build | Palisade Wall |
| 17:06 | Queue | Villager (Male) |
| 17:11 | Build | Farm |
| 17:12 | Build | Farm |
| 17:16 | Build | Farm |
| 17:20 | Build | Farm |
| 17:22 | Build | Farm |
| 17:52 | Queue | Archer |
| 17:57 | Build | House |
| 17:58 | Build | Palisade Wall |
| 17:59 | Queue | Villager (Male) |
| 18:05 | Build | Farm |
| 18:17 | Build | Archery Range |
| 18:28 | Queue | Villager (Male) |
| 18:33 | Build | House |
| 18:36 | Build | House |
| 18:45 | Queue | Archer |
| 18:52 | Build | House |
| 18:54 | Build | House |
| 18:56 | Build | Palisade Wall |
| 19:30 | Research | Castle Age |
| 19:32 | Queue | Archer |
| 19:33 | Queue | Archer |
| 19:51 | Queue | Archer |
| 19:51 | Queue | Archer |
| 19:57 | Queue | Villager (Male) |
| 20:08 | Research | Padded Archer Armor |
| 20:10 | Queue | Archer |
| 20:24 | Queue | Archer |
| 20:24 | Queue | Archer |
| 20:50 | Queue | Archer |
| 20:57 | Queue | Archer |
| 20:58 | Queue | Archer |
| 21:09 | Queue | Villager (Male) |
| 21:14 | Research | Horse Collar |
| 21:16 | Build | House |
| 21:22 | Build | House |
Match timeline
| 5:00 | SneakySalmon · first_building Barracks |
| 5:02 | SneakySalmon · wall_segment Palisade Wall x1 |
| 7:51 | ITzMfMiyagi · first_building Barracks |
| 9:06 | ITzMfMiyagi · age_up feudal |
| 9:11 | ITzMfMiyagi · first_building Stable |
| 9:29 | SneakySalmon · wall_segment Palisade Wall x6 |
| 9:58 | ITzMfMiyagi · wall_segment Palisade Wall x1 |
| 10:02 | ITzMfMiyagi · wall_segment Palisade Wall x1 |
| 10:04 | ITzMfMiyagi · wall_segment Palisade Wall x9 |
| 10:59 | SneakySalmon · age_up feudal |
| 11:26 | SneakySalmon · first_building Archery Range |
| 12:31 | ITzMfMiyagi · wall_segment Palisade Wall x1 |
| 12:32 | ITzMfMiyagi · wall_segment Palisade Wall x10 |
| 13:09 | SneakySalmon · wall_segment Palisade Wall x1 |
| 13:10 | SneakySalmon · wall_segment Palisade Wall x1 |
| 13:12 | SneakySalmon · wall_segment Palisade Wall x1 |
| 14:03 | SneakySalmon · wall_segment Palisade Wall x1 |
| 14:04 | SneakySalmon · wall_segment Palisade Wall x1 |
| 14:11 | ITzMfMiyagi · wall_segment Palisade Wall x1 |
| 14:55 | ITzMfMiyagi · first_building Archery Range |
| 17:00 | SneakySalmon · wall_segment Palisade Wall x1 |
| 17:02 | SneakySalmon · wall_segment Palisade Wall x1 |
| 17:58 | SneakySalmon · wall_segment Palisade Wall x2 |
| 18:56 | SneakySalmon · wall_segment Palisade Wall x1 |
| 18:59 | ITzMfMiyagi · wall_segment Palisade Wall x7 |
| 21:21 | ITzMfMiyagi · wall_segment Palisade Wall x5 |
| 22:10 | SneakySalmon · age_up castle |
| 23:33 | ITzMfMiyagi · first_market_sell 100 wood |
| 23:36 | ITzMfMiyagi · first_market_buy 100 food |
| 23:55 | SneakySalmon · wall_segment Palisade Wall x1 |
| 26:26 | SneakySalmon · first_building Siege Workshop |
| 26:27 | ITzMfMiyagi · wall_segment Palisade Wall x1 |
| 26:29 | ITzMfMiyagi · age_up castle |
| 29:34 | ITzMfMiyagi · resign |
[ AI ANALYSIS · 1 CREDIT ]
What really happened in this match?
Wolo.gg analyzes every decision: build order, eco, micro, common mistakes by bracket. Personalized analysis on WhatsApp or Discord in 30 seconds.
Civ guide
Georgians
Perfil
Jugador #21682640